 Dungeon Crawl Stone Soup version 0.31.0-9-g3a7656b989 (webtiles) character file.

Game seed: 13059801428483438059

84 qw the Shooter (level 4, 0/22 HPs)
             Began as a Spriggan Hunter on Feb 2, 2024.
             Slain by a gnoll
             ... wielding a +0 spear
              (2 damage)
             ... on level 2 of the Dungeon.
             The game lasted 00:00:04 (931 turns).

qw the Shooter (Spriggan Hunter)                     Turns: 931, Time: 00:00:05

Health: 0/22       AC:  2    Str:  7    XL:     4   Next: 23%
Magic:  5/5        EV: 20    Int: 10    God:
Gold:   31         SH:  0    Dex: 20    Spells: 3/3 levels left

rFire   . . .        a - +0 shortbow
rCold   . . .        (shield currently unavailable)
rNeg    . . .        c - +0 robe
rPois   .            (helmet restricted)
rElec   .            (no cloak)
rCorr   .            (gloves unavailable)
SInv    +            (boots unavailable)
Will    .....        (no amulet)
Stlth   ++           (no ring)
HPRegen 0.23/turn    (no ring)
MPRegen 0.09/turn

%: no passive effects
@: very quick
A: very small, no large weapons, unfitting armour, see invisible, speed 3
a: no special abilities


You were on level 2 of the Dungeon.
You visited 1 branch of the dungeon, and saw 2 of its levels.

You collected 31 gold pieces.


Innate Abilities, Weirdness & Mutations

You are very small and have problems with some larger weapons.
You are too small for most types of armour.
You have supernaturally acute eyesight. (SInv)
You cover ground extremely quickly. (Speed+++)


   Skills:
 - Level 1.5 Fighting
 - Level 5.0 Ranged Weapons
 + Level 4.6 Dodging
 - Level 1.5 Stealth


You had 3 spell levels left.
You didn't know any spells.
Your spell library was empty.

Inventory:

Hand Weapons
 a - a +0 shortbow (weapon)
Armour
 c - a +0 robe (worn)
Jewellery
 f - a ring of ice
Scrolls
 b - a scroll of amnesia {unknown}
 h - a scroll of poison {unknown}
Potions
 d - a potion of enlightenment {unknown}
 e - 2 potions of heal wounds {unknown}
 g - a potion of berserk rage {unknown}
 i - a potion of degeneration {unknown}
 j - a potion of brilliance {unknown}

Dungeon Overview and Level Annotations

Branches:
Dungeon (2/15)

Altars:


Message History

You shoot an arrow. The gnoll shouts!
The arrow hits the gnoll but does no damage.
The gnoll is heavily wounded.
You shoot an arrow. The arrow closely misses the gnoll.
The arrow barely misses the gnoll.
The arrow hits the gnoll.
The gnoll is lightly wounded.
A gnoll comes into view. It is wielding a +0 halberd.
You shoot an arrow. The gnoll shouts!
The arrow hits the gnoll.
The gnoll is severely wounded.
A frilled lizard comes into view.
You shoot an arrow. The frilled lizard hisses angrily.
The arrow hits the gnoll but does no damage.
The gnoll is severely wounded.
A goblin comes into view. It is wielding a +1 dagger of venom.
The gnoll hits you with a +0 whip.
You shoot an arrow. The goblin shouts!
The arrow hits the gnoll.
You kill the gnoll!
The gnoll hits you from afar with a +0 spear!
The frilled lizard unfolds its giant frill.
The gnoll hits you from afar with a +0 spear.
You shoot an arrow. The arrow hits the gnoll.
The gnoll is lightly wounded.
The gnoll misses you.
You shoot an arrow. The arrow closely misses the gnoll.
The arrow hits the gnoll!
The gnoll is heavily wounded.
The gnoll hits you from afar with a +0 spear.
You shoot an arrow. The arrow hits the gnoll!
The gnoll is almost dead.
The gnoll barely misses you.
You shoot an arrow. The arrow barely misses the gnoll.
The arrow hits the gnoll.
The gnoll is almost dead.
The gnoll hits you from afar with a +0 spear.
You die...

########## ..........
##....#... #....#
##....# ##.# .....##
...########## .#...#
..#.@)ggglg. .#...#
..#.######## ##..##
####.#....### ##..#
####...%#.##...#
...####.......#......#
..###...........##...#
####..........#.....##
# #..####.###.#####.#
##..##...# #.#


You could see 3 gnolls, a goblin and a frilled lizard.

Vanquished Creatures
  4 gnolls (D:2)
  A dart slug (D:2)
  4 ball pythons
  2 bats (D:1)
  5 endoplasms
  3 giant cockroaches
  5 hobgoblins
  2 jackals (D:2)
  3 quokkas
  3 frilled lizards (D:1)
  2 goblins
  A kobold (D:2)
  6 rats
41 creatures vanquished.

Notes
Turn   | Place    | Note
-------+----------+-------------------------------------------
     0 | D:1      | qw the Spriggan Hunter began the quest for the Orb.
     0 | D:1      | Reached XP level 1. HP: 10/10 MP: 2/2
     0 | D:1      | 0 ||| qw: Version: 0.3-a-155-g5e7d8dd
     0 | D:1      | 0 ||| qw: Game counter: 1800
     0 | D:1      | 0 ||| qw: Melee chars always use a shield: true
     0 | D:1      | 0 ||| qw: God list: Okawaru
     0 | D:1      | 0 ||| qw: Allow faded altars: false
     0 | D:1      | 0 ||| qw: Do Orc after clearing Dungeon:15 true
     0 | D:1      | 0 ||| qw: Do second Lair branch before Depths: true
     0 | D:1      | 0 ||| qw: Lair rune preference: random
     0 | D:1      | 0 ||| qw: Goals: Normal
     0 | D:1      | 0 ||| PLANNING D:1-11
    30 | D:1      | Reached skill level 3 in Dodging
    84 | D:1      | Reached XP level 2. HP: 12/14 MP: 3/3
   457 | D:1      | 457 ||| READING scroll labelled DAIZIW BOUCUT.
   458 | D:1      | 458 ||| READING scroll labelled MINOJU POLUA.
   458 | D:1      | 458 ||| IDENTIFYING smoky ruby potion
   459 | D:1      | 459 ||| READING scroll labelled KUYPYHAWNAG.
   460 | D:1      | 460 ||| READING scroll labelled FYQOP FIOSEICI.
   461 | D:1      | 461 ||| READING scroll labelled YGATEX QAMOEG.
   462 | D:1      | 462 ||| DROPPING scroll of butterflies.
   463 | D:1      | 463 ||| DROPPING potion of attraction.
   523 | D:2      | Reached XP level 3. HP: 17/18 MP: 4/4
   792 | D:2      | HP: 4/18 [gnoll/+0 spear of pain (5)]
   799 | D:2      | HP: 2/18 [gnoll/+0 whip (3)]
   800 | D:2      | Reached skill level 5 in Ranged Weapons
   802 | D:2      | Reached XP level 4. HP: 3/22 MP: 5/5
   927 | D:2      | HP: 4/22 [gnoll/+0 spear (4)]
   929 | D:2      | HP: 1/22 [gnoll/+0 spear (3)]
   931 | D:2      | Slain by a gnoll

Levels and vault maps discovered:
D:1:      dpeg_arrival_short_road, layout_basic, minmay_strange_pillars
D:2:      minmay_recursive_quarters, layout_loops_cross, nrook_campfire

Skill      XL: |  1  2  3 |
---------------+----------+-----
Dodging        | 3 4 |  4.6
Ranged Weapons | 5 |  5.0
Fighting       | |  1.5
Stealth        | |  1.5

Action                     |  1- 3 |  4- 6 || total
---------------------------+-------+-------++-------
   Fire: Shortbow          |   114 |    17 ||   131
    Use: Scroll            |     5 |       ||     5
 Armour: Robe              |    11 |     5 ||    16
  Dodge: Dodged            |    44 |     2 ||    46

Table legend:
 A = Non-vault XP
 B = Vault XP
 C = Vault XP percentage of total XP
 D = Non-vault monster count
 E = Vault monster count
 F = Vault count percentage of total count
                 A         B        C        D         E       F
            +---------+---------+-------+---------+---------+-------
      Total |     109 |      11 |   9.2 |      35 |       6 |  14.6
            +---------+---------+-------+---------+---------+-------
        D:1 |      35 |       0 |   0.0 |      22 |       0 |   0.0
        D:2 |      74 |      11 |  12.9 |      13 |       6 |  31.6
            +---------+---------+-------+---------+---------+-------
